| TOP OF THE 1ST |
|
Auburn Red Stars batting - Pitching for Williamsport Greys : RHP Andy Araujo
|
|
Pitching: RHP Andy Araujo
|
|
|
Batting: RHB Jose Rodriguez
|
0-0: Called Strike 0-1: Foul Ball, location: 2F 0-2: Foul Ball, location: 2F 0-2: Ball 1-2: Fly out, F9 (Line Drive, 9, EV 103.1 MPH)
|
|
Batting: RHB Clemente Acuna
|
0-0: Called Strike 0-1: Swinging Strike 0-2: Fly out, F9 (Flyball, 9, EV 86.3 MPH)
|
|
Batting: RHB Alfredo Torres
|
0-0: Ball 1-0: Fly out, F7 (Flyball, 78D, EV 97.5 MPH)
|
| Top of the 1st over - 0 runs, 0 hits, 0 errors, 0 left on base; Auburn 0 - Williamsport 0 |
| BOTTOM OF THE 1ST |
|
Williamsport Greys batting - Pitching for Auburn Red Stars : RHP Ernest Moya
|
|
Pitching: RHP Ernest Moya
|
|
|
Batting: RHB Omar Garcia
|
0-0: Ball 1-0: Called Strike 1-1: Ball 2-1: Ground out 6-3 (Groundball, 6, EV 86.3 MPH)
|
|
Batting: SHB Chris Howard
|
0-0: Ground out 6-3 (Groundball, 6, EV 85.0 MPH)
|
|
Batting: LHB Angel Bayron
|
0-0: Called Strike 0-1: Foul Ball, location: 2F 0-2: Ball 1-2: Ball 2-2: Strikes out swinging
|
| Bottom of the 1st over - 0 runs, 0 hits, 0 errors, 0 left on base; Auburn 0 - Williamsport 0 |
| TOP OF THE 2ND |
|
Auburn Red Stars batting - Pitching for Williamsport Greys : RHP Andy Araujo
|
|
Batting: LHB John Stefero
|
0-0: Ball 1-0: Ball 2-0: Called Strike 2-1: Ball 3-1: Foul Ball, location: 2F 3-2: Ground out U3 (Groundball, 34S, EV 91.9 MPH)
|
|
Batting: RHB Steve McQueen
|
0-0: Ball 1-0: Called Strike 1-1: Foul Ball, location: 2F 1-2: Fly out, F6 (Popup, 6, EV 58.8 MPH)
|
|
Batting: RHB Tom Howser
|
0-0: Ball 1-0: Ball 2-0: Ball 3-0: Base on Balls
|
|
Batting: LHB Luis Roman
|
0-0: Called Strike 0-1: Called Strike 0-2: Foul Ball, location: 2F 0-2: Foul Ball, location: 2F 0-2: Fly out, F6 (Popup, 6MS, EV 70.6 MPH)
|
| Top of the 2nd over - 0 runs, 0 hits, 0 errors, 1 left on base; Auburn 0 - Williamsport 0 |
| BOTTOM OF THE 2ND |
|
Williamsport Greys batting - Pitching for Auburn Red Stars : RHP Ernest Moya
|
|
Batting: RHB Rodney Martin
|
0-0: Called Strike 0-1: Ground out 6-3 (Groundball, 56, EV 104.4 MPH)
|
|
Batting: RHB Doug Carpenter
|
0-0: Ball 1-0: SOLO HOME RUN (Flyball, 7D, EV 104.4 MPH), Distance : 376 ft
|
|
Batting: SHB Edwin Darling
|
0-0: Ball 1-0: Called Strike 1-1: Swinging Strike 1-2: Strikes out swinging
|
|
Batting: RHB Eddie Williams
|
0-0: Called Strike 0-1: Ball 1-1: Fly out, F9 (Flyball, 9S, EV 81.9 MPH)
|
| Bottom of the 2nd over - 1 run, 1 hit, 0 errors, 0 left on base; Auburn 0 - Williamsport 1 |
| TOP OF THE 3RD |
|
Auburn Red Stars batting - Pitching for Williamsport Greys : RHP Andy Araujo
|
|
Batting: RHB William Chamberlain
|
0-0: Ball 1-0: Ball 2-0: Ball 3-0: Called Strike 3-1: DOUBLE (Line Drive, 5D, EV 101.9 MPH)
|
|
Batting: RHB Antonio Quevedo
|
0-0: Ball 1-0: Ground out 6-3 (Groundball, 56, EV 111.3 MPH)
|
|
Batting: RHB Jose Rodriguez
|
0-0: Called Strike 0-1: Foul Ball, location: 2F 0-2: Foul Ball, location: 2F 0-2: Ball 1-2: Ball 2-2: Ball 3-2: SINGLE (Groundball, 34D, EV 100.0 MPH) William Chamberlain to third Runner from 3rd tries for Home, SAFE, throw by RF to home Jose Rodriguez to second
|
|
Batting: RHB Clemente Acuna
|
0-0: Ground out 5-3 (Groundball, 5, EV 98.8 MPH)
|
|
Batting: RHB Alfredo Torres
|
0-0: Foul Ball, location: 2F 0-1: Foul Ball, location: 2F 0-2: Foul Ball, location: 2F 0-2: Fly out, F7 (Flyball, 7LM, EV 96.3 MPH)
|
| Top of the 3rd over - 1 run, 2 hits, 0 errors, 1 left on base; Auburn 1 - Williamsport 1 |
| BOTTOM OF THE 3RD |
|
Williamsport Greys batting - Pitching for Auburn Red Stars : RHP Ernest Moya
|
|
Batting: RHB Samuel Dotson
|
0-0: Called Strike 0-1: Foul Ball, location: 2F 0-2: Strikes out swinging
|
|
Batting: RHB Brad Luther
|
0-0: Called Strike 0-1: Ball 1-1: SINGLE (Groundball, 56D, EV 101.3 MPH)
|
|
Batting: RHB Omar Garcia
|
0-0: Ball 1-0: Ball 2-0: Fly out, F3 (Line Drive, 3, EV 66.9 MPH)
|
|
Batting: SHB Chris Howard
|
0-0: Called Strike 0-1: Fly out, F7 (Flyball, 7, EV 84.4 MPH)
|
| Bottom of the 3rd over - 0 runs, 1 hit, 0 errors, 1 left on base; Auburn 1 - Williamsport 1 |
| TOP OF THE 4TH |
|
Auburn Red Stars batting - Pitching for Williamsport Greys : RHP Andy Araujo
|
|
Batting: LHB John Stefero
|
0-0: Called Strike 0-1: Called Strike 0-2: Ground out 4-3 (Groundball, 4, EV 83.8 MPH)
|
|
Batting: RHB Steve McQueen
|
0-0: Called Strike 0-1: Ball 1-1: Ball 2-1: Ball 3-1: Base on Balls
|
|
Batting: RHB Tom Howser
|
0-0: Ball 1-0: Foul Ball, location: 2F 1-1: Ball 2-1: Foul Ball, location: 2F 2-2: Ball 3-2: Foul Ball, location: 2F 3-2: DOUBLE (Line Drive, 9LD, EV 105.0 MPH) Steve McQueen to third Runner from 3rd tries for Home, throw by RF and OUT! 9-4-2 Runner from 2nd tries for 3rd, throw by C and OUT! 2-4-5 Double Play!
|
| Top of the 4th over - 0 runs, 1 hit, 0 errors, 0 left on base; Auburn 1 - Williamsport 1 |
| BOTTOM OF THE 4TH |
|
Williamsport Greys batting - Pitching for Auburn Red Stars : RHP Ernest Moya
|
|
Batting: LHB Angel Bayron
|
0-0: Foul Ball, location: 2F 0-1: Swinging Strike 0-2: Strikes out swinging
|
|
Batting: RHB Rodney Martin
|
0-0: Ball 1-0: Fly out, F8 (Flyball, 8LD, EV 85.0 MPH)
|
|
Batting: RHB Doug Carpenter
|
0-0: Ball 1-0: Ball 2-0: Called Strike 2-1: Foul Ball, location: 2F 2-2: Ball 3-2: Base on Balls
|
|
Batting: SHB Edwin Darling
|
0-0: Called Strike 0-1: Foul Ball, location: 2F 0-2: Ball Doug Carpenter steals 2nd base 1-2: Strikes out looking
|
| Bottom of the 4th over - 0 runs, 0 hits, 0 errors, 1 left on base; Auburn 1 - Williamsport 1 |
| TOP OF THE 5TH |
|
Auburn Red Stars batting - Pitching for Williamsport Greys : RHP Andy Araujo
|
|
Batting: LHB Luis Roman
|
0-0: Called Strike 0-1: Foul Ball, location: 2F 0-2: Ball 1-2: Strikes out looking
|
|
Batting: RHB William Chamberlain
|
0-0: Ball 1-0: SINGLE (Flyball, 56D, EV 90.0 MPH)
|
|
Batting: RHB Antonio Quevedo
|
0-0: Foul Ball, location: 2F 0-1: Foul Ball, location: 2F 0-2: Fly out, F7 (Line Drive, 7, EV 94.4 MPH)
|
|
Batting: RHB Jose Rodriguez
|
0-0: Ball 1-0: Ball 2-0: Called Strike 2-1: Foul Ball, location: 2F 2-2: Fly out, F8 (Flyball, 8RD, EV 97.5 MPH)
|
| Top of the 5th over - 0 runs, 1 hit, 0 errors, 1 left on base; Auburn 1 - Williamsport 1 |
| BOTTOM OF THE 5TH |
|
Williamsport Greys batting - Pitching for Auburn Red Stars : RHP Ernest Moya
|
|
Batting: RHB Eddie Williams
|
0-0: Ball 1-0: Foul Ball, location: 2F 1-1: Foul Ball, location: 2F 1-2: DOUBLE (Line Drive, 9LD, EV 109.4 MPH)
|
|
Batting: RHB Samuel Dotson
|
0-0: Ball 1-0: Ball 2-0: Ball 3-0: Called Strike 3-1: Foul Ball, location: 2F 3-2: Base on Balls
|
|
Batting: RHB Brad Luther
|
0-0: Fly out, F7 (Flyball, 7LM, EV 98.1 MPH)
|
|
Batting: RHB Omar Garcia
|
0-0: Foul Ball, location: 2F 0-1: Ball 1-1: Called Strike 1-2: Strikes out looking
|
|
Batting: SHB Chris Howard
|
0-0: Fly out, F8 (Flyball, 78D, EV 98.8 MPH)
|
| Bottom of the 5th over - 0 runs, 1 hit, 0 errors, 2 left on base; Auburn 1 - Williamsport 1 |
| TOP OF THE 6TH |
|
Auburn Red Stars batting - Pitching for Williamsport Greys : RHP Andy Araujo
|
|
Batting: RHB Clemente Acuna
|
0-0: Foul Ball, location: 2F 0-1: Ground out 5-3 (Groundball, 5, EV 96.9 MPH)
|
|
Batting: RHB Alfredo Torres
|
0-0: Foul Ball, location: 2F 0-1: SOLO HOME RUN (Flyball, 78XD, EV 90.6 MPH), Distance : 445 ft
|
|
Batting: LHB John Stefero
|
0-0: Ball 1-0: Foul Ball, location: 2F 1-1: Ball 2-1: Ground out U3 (Groundball, 34, EV 80.6 MPH)
|
|
Batting: RHB Steve McQueen
|
0-0: Ball 1-0: Foul Ball, location: 2F 1-1: Foul Ball, location: 2F 1-2: Ball 2-2: Ball 3-2: Fly out, F9 (Flyball, 9S, EV 80.6 MPH)
|
| Top of the 6th over - 1 run, 1 hit, 0 errors, 0 left on base; Auburn 2 - Williamsport 1 |
| BOTTOM OF THE 6TH |
|
Williamsport Greys batting - Pitching for Auburn Red Stars : RHP Ernest Moya
|
|
Batting: LHB Angel Bayron
|
0-0: Ball 1-0: Ball 2-0: Called Strike 2-1: Reached on error, E6 (Groundball, 6M, EV 99.4 MPH)
|
|
Batting: RHB Rodney Martin
|
0-0: Fly out, F7 (Line Drive, 7D, EV 93.1 MPH)
|
|
Batting: RHB Doug Carpenter
|
0-0: Foul Ball, location: 2F 0-1: Ball 1-1: Ball 2-1: Fly out, F8 (Flyball, 8RM, EV 93.8 MPH)
|
|
Batting: SHB Edwin Darling
|
0-0: Called Strike 0-1: Swinging Strike 0-2: Strikes out swinging
|
| Bottom of the 6th over - 0 runs, 0 hits, 1 error, 1 left on base; Auburn 2 - Williamsport 1 |
| TOP OF THE 7TH |
|
Auburn Red Stars batting - Pitching for Williamsport Greys : RHP Andy Araujo
|
|
Batting: RHB Tom Howser
|
0-0: Ball 1-0: Called Strike 1-1: Foul Ball, location: 2F 1-2: Ball 2-2: Foul Ball, location: 2F 2-2: Reached on error, E4 (Groundball, 4, EV 86.9 MPH)
|
|
Batting: LHB Luis Roman
|
0-0: Called Strike Balk! Tom Howser to third 0-1: Ball 1-1: SINGLE (Line Drive, 7S, EV 99.4 MPH) Tom Howser scores
|
|
Pitching: RHP Mitchell Johnson
|
|
|
Batting: RHB William Chamberlain
|
0-0: 2-RUN HOME RUN (Flyball, 89XD, EV 90.6 MPH), Distance : 405 ft
|
|
Batting: RHB Antonio Quevedo
|
0-0: Called Strike 0-1: Called Strike 0-2: Foul Ball, location: 2F 0-2: Foul Ball, location: 2F 0-2: Foul Ball, location: 2F 0-2: Ball 1-2: Strikes out swinging, 2-3 out at first.
|
|
Batting: RHB Jose Rodriguez
|
0-0: Ball 1-0: Ball 2-0: Ball 3-0: Base on Balls
|
|
Batting: RHB Clemente Acuna
|
0-0: Ball 1-0: Ball 2-0: Ball 3-0: Called Strike 3-1: Base on Balls Jose Rodriguez to second
|
|
Batting: RHB Alfredo Torres
|
0-0: Called Strike Jose Rodriguez steals 3rd base Clemente Acuna to second 0-1: Ground out 4-3 (Groundball, 34, EV 80.6 MPH) Jose Rodriguez scores Clemente Acuna to third
|
|
Batting: LHB John Stefero
|
0-0: Swinging Strike 0-1: Swinging Strike 0-2: Ball 1-2: Strikes out looking
|
| Top of the 7th over - 4 runs, 2 hits, 1 error, 1 left on base; Auburn 6 - Williamsport 1 |
| BOTTOM OF THE 7TH |
|
Williamsport Greys batting - Pitching for Auburn Red Stars : RHP Ernest Moya
|
|
Batting: RHB Eddie Williams
|
0-0: Ball 1-0: Ball 2-0: Ball 3-0: Swinging Strike 3-1: Base on Balls
|
|
Batting: RHB Samuel Dotson
|
0-0: Ball 1-0: Called Strike 1-1: Called Strike 1-2: Foul Ball, location: 2F 1-2: Grounds into double play, 5-4-3 (Groundball, 56S, EV 89.4 MPH)
|
|
Batting: RHB Brad Luther
|
0-0: Ground out 5-3 (Groundball, 56S, EV 90.0 MPH)
|
| Bottom of the 7th over - 0 runs, 0 hits, 0 errors, 0 left on base; Auburn 6 - Williamsport 1 |
| TOP OF THE 8TH |
|
Auburn Red Stars batting - Pitching for Williamsport Greys : RHP Mitchell Johnson
|
|
Batting: RHB Steve McQueen
|
0-0: Foul Ball, location: 2F 0-1: Foul Ball, location: 2F 0-2: Foul Ball, location: 2F 0-2: Ball 1-2: SINGLE (Line Drive, 56D, EV 100.0 MPH)
|
|
Batting: RHB Tom Howser
|
0-0: Ball 1-0: Swinging Strike 1-1: Foul Ball, location: 2F 1-2: Strikes out swinging
|
|
Batting: LHB Luis Roman
|
0-0: Swinging Strike 0-1: Called Strike 0-2: Ground out 4-3 (Groundball, 34D, EV 80.0 MPH) Steve McQueen to second
|
|
Batting: RHB William Chamberlain
|
0-0: Ground out 5-3 (Groundball, 56, EV 108.1 MPH)
|
| Top of the 8th over - 0 runs, 1 hit, 0 errors, 1 left on base; Auburn 6 - Williamsport 1 |
| BOTTOM OF THE 8TH |
|
Williamsport Greys batting - Pitching for Auburn Red Stars : RHP Ernest Moya
|
|
Batting: RHB Omar Garcia
|
0-0: Called Strike 0-1: Ball 1-1: Ball 2-1: Ball 3-1: Base on Balls
|
|
Batting: SHB Chris Howard
|
0-0: Called Strike 0-1: Ball 1-1: Fly out, F9 (Flyball, 9D, EV 99.4 MPH)
|
|
Batting: LHB Angel Bayron
|
0-0: DOUBLE (Line Drive, 9LD, EV 101.9 MPH) Omar Garcia to third Runner from 3rd tries for Home, SAFE, no throw by RF
|
|
Batting: RHB Rodney Martin
|
0-0: Foul Ball, location: 2F 0-1: Ball 1-1: Ball 2-1: Ground out 5-3 (Groundball, 5L, EV 101.9 MPH)
|
|
Batting: RHB Doug Carpenter
|
0-0: Foul Ball, location: 2F 0-1: Foul Ball, location: 2F 0-2: Fly out, F7 (Flyball, 78M, EV 91.3 MPH)
|
| Bottom of the 8th over - 1 run, 1 hit, 0 errors, 1 left on base; Auburn 6 - Williamsport 2 |
| TOP OF THE 9TH |
|
Auburn Red Stars batting - Pitching for Williamsport Greys : RHP Mitchell Johnson
|
|
Batting: RHB Antonio Quevedo
|
0-0: Ball 1-0: SINGLE (Line Drive, 4D, EV 96.9 MPH)
|
|
Batting: RHB Jose Rodriguez
|
0-0: Ball Antonio Quevedo steals 2nd base 1-0: Called Strike 1-1: Fly out, F8 (Line Drive, 8RD, EV 88.1 MPH)
|
|
Batting: RHB Clemente Acuna
|
0-0: SINGLE (Line Drive, 34, EV 107.5 MPH) Antonio Quevedo to third
|
|
Batting: RHB Alfredo Torres
|
0-0: Ball 1-0: Ball 2-0: Foul Ball, location: 2F 2-1: Foul Ball, location: 2F 2-2: Foul Ball, location: 2F 2-2: SINGLE (Line Drive, 4MD, EV 95.6 MPH) Antonio Quevedo scores Clemente Acuna to second
|
|
Batting: LHB John Stefero
|
0-0: Called Strike 0-1: Ball 1-1: Ball 2-1: Ball 3-1: Called Strike 3-2: Base on Balls Clemente Acuna to third Alfredo Torres to second
|
|
Batting: RHB Steve McQueen
|
0-0: Called Strike 0-1: Swinging Strike 0-2: Strikes out swinging
|
|
Batting: RHB Tom Howser
|
0-0: Foul Ball, location: 2F 0-1: Ball 1-1: Called Strike 1-2: Foul Ball, location: 2F 1-2: Ball 2-2: Foul Ball, location: 2F 2-2: Foul Ball, location: 2F 2-2: Fly out, F8 (Flyball, 8RS, EV 85.0 MPH)
|
| Top of the 9th over - 1 run, 3 hits, 0 errors, 3 left on base; Auburn 7 - Williamsport 2 |
| BOTTOM OF THE 9TH |
|
Williamsport Greys batting - Pitching for Auburn Red Stars : RHP Ernest Moya
|
|
Pitching: RHP Ruben Santana
|
|
|
Batting: SHB Edwin Darling
|
0-0: Called Strike 0-1: Ball 1-1: Swinging Strike 1-2: Ball 2-2: Ball 3-2: Base on Balls
|
|
Batting: RHB Eddie Williams
|
0-0: Ball 1-0: 2-RUN HOME RUN (Flyball, 7LD, EV 106.9 MPH), Distance : 357 ft
|
|
Batting: RHB Samuel Dotson
|
0-0: Called Strike 0-1: Ball 1-1: Ball 2-1: Foul Ball, location: 2F 2-2: Ball 3-2: DOUBLE (Groundball, 5L, EV 98.8 MPH)
|
|
Batting: RHB Brad Luther
|
0-0: Called Strike 0-1: Swinging Strike 0-2: Strikes out swinging
|
|
Batting: RHB Omar Garcia
|
0-0: Foul Ball, location: 2F 0-1: Ball 1-1: Ball 2-1: Foul Ball, location: 2F 2-2: Foul Ball, location: 2F 2-2: Strikes out swinging
|
|
Batting: SHB Chris Howard
|
0-0: Ball 1-0: Ball 2-0: Called Strike 2-1: Ground out 1-3 (Groundball, 15S, EV 76.9 MPH)
|
| Bottom of the 9th over - 2 runs, 2 hits, 0 errors, 1 left on base; Auburn 7 - Williamsport 4 |
|